 Dungeon Crawl Stone Soup version 0.21.1-1-g345015f (webtiles) character file.

81 Labyrinth the Firebug (level 4, -1/49 HPs)
             Began as a Draconian Fire Elementalist on July 23, 2018.
             Slain by an adder (3 damage)
             ... on level 2 of the Dungeon on July 24, 2018.
             The game lasted 00:12:29 (1170 turns).

Labyrinth the Firebug (Draconian Fire Elementalist) Turns: 1170, Time: 00:12:30

Health: -1/49      AC: 22    Str: 14    XL:     4   Next: 19%
Magic:  0/7        EV:  2    Int: 15    God:
Gold:   54         SH:  0    Dex: 13    Spells: 1/7 levels left

rFire    . . .     SeeInvis .   k - +0 whip
rCold    . . .     Gourm    .   (no shield)
rNeg     + + +     Faith    .   (armour unavailable)
rPois    +         Spirit   .   (helmet currently unavailable)
rElec    .         Reflect  .   (cloak currently unavailable)
rCorr    .         Harm     .   (gloves currently unavailable)
MR       .....     NoTele   +   (boots currently unavailable)
Stlth    ++........             (no amulet)
HPRegen  0.16/turn              g - +4 ring of strength
MPRegen  0.10/turn              (no ring)

@: lethally poisoned (-1 -> -2), tree-form, very slightly contaminated
A: unfitting armour, AC +5
a: no special abilities


You were on level 2 of the Dungeon.
You were not hungry.
You were a tree.
You visited 1 branch of the dungeon, and saw 2 of its levels.

You collected 54 gold pieces.

Inventory:

Hand Weapons
 k - a +0 whip (weapon)
Missiles
 d - 15 bolts
 e - 86 stones (quivered)
Armour
 h - a +0 pair of gloves (melded)
Jewellery
 g - a +4 ring of strength (left branch)
Scrolls
 f - a scroll of random uselessness
Books
 a - a book of Flames

   Spells                             Type                      Level
   a - Flame Tongue                   Conjuration/Fire             1
   b - Throw Flame                    Conjuration/Fire             2
   c - Conjure Flame                  Conjuration/Fire             3
   d - Inner Flame                    Hexes/Fire                   3
   e - Sticky Flame                   Conjuration/Fire             4
   f - Fireball                       Conjuration/Fire             5
Comestibles
 b - 7 rations


   Skills:
 + Level 0.2 Fighting
 + Level 0.3 Maces & Flails
 + Level 2.3 Dodging
 + Level 2.0 Stealth
 + Level 0.4 Unarmed Combat
 + Level 2.3 Spellcasting
 + Level 1.8 Conjurations
 + Level 3.8 Fire Magic


You had one spell level left.
You knew the following spells:

 Your Spells              Type           Power        Failure   Level  Hunger
a - Flame Tongue          Conj/Fire      ##...        7%          1    #......
b - Throw Flame           Conj/Fire      ##....       10%         2    ###....
c - Conjure Flame         Conj/Fire      ##......     21%         3    ###....


Dungeon Overview and Level Annotations

Branches:
Dungeon (2/15)

Altars:
Hepliaklqana
Xom
Zin

Annotations:
D:2 1 transporter


Innate Abilities, Weirdness & Mutations

((Your plain brown scales are hard. (AC +5)))
You cannot fit into any form of body armour.
((You are cold-blooded and may be slowed by cold attacks.))


Message History

Press: ? - help, Shift-Dir - straight line, f/p - adder
Aim: an adder (severely wounded)
The flame tongue misses the adder.
The flame tongue hits the kobold.
You kill the kobold!
The adder bites you but does no damage. The yak gores you but does no damage.
The adder bites you but does no damage.
Casting: Flame Tongue
Confirm with . or Enter, or press ? or * to list all spells.
You don't have enough magic to cast that spell.
You closely miss the adder.
The adder is severely wounded.
The adder bites you.
* * * LOW HITPOINT WARNING * * *
The yak gores you but does no damage.
You hit the adder.
The adder is almost dead.
* * * LOW HITPOINT WARNING * * *
You feel sick. The adder bites you but does no damage.
The yak gores you but does no damage. The adder bites you.
You die...

..#####
#...##.......##..##.#
......#
#...#8..#.#..8#..##.#
.####)#
##...#$(#...#..#.....# ##
#.###.#..#.?.......#.).###
...##.##.#..©#_$....©..#©..#
........###..#.(.......#..##
.#.##.##.#.#.#$)#...#..#.##
....).###.##.#8(Y#.#..8#.#
....###......##.♣Ss...##.#
.##. #.#>##..#########..# #
#.# #............## .
#.############ # #.# #.# ..#
###


You could see a yak, an adder and a giant cockroach.

Vanquished Creatures
  3 adders (D:2)
  A worm (D:2)
  2 dart slugs (D:1)
  A ball python (D:2)
  A giant cockroach (D:2)
  13 goblins
  5 hobgoblins
  A quokka (D:2)
  5 bats
  3 frilled lizards
  7 kobolds
  5 rats
47 creatures vanquished.

Notes
Turn   | Place    | Note
-------+----------+-------------------------------------------
     0 | D:1      | Labyrinth the Draconian Fire Elementalist began the quest for the Orb.
     0 | D:1      | Reached XP level 1. HP: 14/14 MP: 3/3
   137 | D:1      | Reached XP level 2. HP: 20/20 MP: 1/5
   669 | D:2      | Reached XP level 3. HP: 26/26 MP: 3/6
   683 | D:2      | Learned a level 2 spell: Throw Flame
   687 | D:2      | Learned a level 3 spell: Conjure Flame
   910 | D:2      | Found a shimmering altar of Xom.
   910 | D:2      | Noticed an angel
   935 | D:2      | Reached XP level 4. HP: 28/33 MP: 0/7
   939 | D:2      | Found a glowing silver altar of Zin.
  1066 | D:2      | Found a hazy altar of Hepliaklqana.
  1066 | D:2      | Noticed a yak
  1069 | D:2      | Found a transporter.
  1086 | D:2      | Found a transporter.
  1169 | D:2      | HP: 2/49 [adder (3)]
  1170 | D:2      | Slain by an adder

Skill      XL: |  1  2  3 |
---------------+----------+-----
Dodging        | 2 |  2.3
Stealth        | 2 |  2.0
Fighting       | |  0.2
Maces & Flails | |  0.3
Unarmed Combat | |  0.4
Spellcasting   | |  2.3
Conjurations   | |  1.8
Fire Magic     | |  3.8

Action                   |  1- 3 |  4- 6 || total
-------------------------+-------+-------++-------
Melee: Unarmed           |    15 |       ||    15
       Tailslap          |    10 |     2 ||    12
       Dagger            |    19 |       ||    19
       Club              |     3 |       ||     3
       Whip              |    26 |    15 ||    41
Throw: Stone             |     1 |       ||     1
 Cast: Flame Tongue      |    47 |    12 ||    59
       Throw Flame       |     1 |     2 ||     3
  Use: Scroll            |     3 |     2 ||     5
       Potion            |       |     1 ||     1
  Eat: Chunk             |     1 |     1 ||     2
Armor: Skin              |    26 |    37 ||    63
Dodge: Dodged            |    45 |     8 ||    53
